[ PARTIDA AOE2 · #483913166 ]
UnrankedItalianos vs Magyars
[ ANÁLISIS DE REPETICIÓN · EXTRAÍDO DE LA PARTIDA GRABADA ]
Feudal
13:11
Castillos
—
Imperial
—
| APM promedio | 15.2 |
| APM pico | 40 |
| eAPM promedio | 7.0 |
| Aldeanos / militares | 55 / 10 |
Foco
⚔️ 17.0% · 🌾 83.0%
Archer ×5 · Scout Cavalry ×5
Feudal
11:08
Castillos
20:28
Imperial
—
| APM promedio | 14.2 |
| APM pico | 33 |
| eAPM promedio | 6.1 |
| Aldeanos / militares | 37 / 0 |
Foco
⚔️ 7.2% · 🌾 92.8%
Feudal
11:15
Castillos
21:34
Imperial
—
| APM promedio | 28.0 |
| APM pico | 56 |
| eAPM promedio | 13.7 |
| Aldeanos / militares | 55 / 27 |
Foco
⚔️ 27.4% · 🌾 72.6%
Cavalry Archer ×13 · Scout Cavalry ×7 · Spearman ×4 · Knight ×3
Feudal
11:56
Castillos
—
Imperial
—
| APM promedio | 24.7 |
| APM pico | 54 |
| eAPM promedio | 12.5 |
| Aldeanos / militares | 47 / 52 |
Foco
⚔️ 43.8% · 🌾 56.2%
Spearman ×24 · Archer ×23 · Eagle Scout ×4 · Skirmisher ×1
Feudal
12:19
Castillos
—
Imperial
—
| APM promedio | 23.4 |
| APM pico | 93 |
| eAPM promedio | 9.5 |
| Aldeanos / militares | 33 / 83 |
Foco
⚔️ 31.1% · 🌾 68.9%
Scout Cavalry ×37 · Spearman ×35 · Archer ×6 · Skirmisher ×5
Feudal
12:07
Castillos
19:53
Imperial
—
| APM promedio | 15.6 |
| APM pico | 43 |
| eAPM promedio | 8.2 |
| Aldeanos / militares | 72 / 7 |
Foco
⚔️ 12.1% · 🌾 87.9%
Scout Cavalry ×4 · Knight ×3
Mapa de la partida
Recursos iniciales + cada clic de construcción. Líneas = muros · curvas = relieve. ◆ oro · ⬟ piedra · ● bayas · ✦ reliquia · ◌ hueco del cierre
Tu base· Abierta — flanco sin cerrar
Base de randomplayer· Abierta — flanco sin cerrar
Base de juandaosp12· ✓ Cerrada en 21:34 · 45t muro · 1 puerta(s)
Base de felip3.diaz· ✓ Cerrada en 25:34 · 22t muro · 1 puerta(s)
Base de Flaperon· Abierta — flanco sin cerrar
Base de sebastianmedina9725· ✓ Cerrada en 19:53 · 57t muro · sin puerta
Terreno inicial suavizado · ◌ = hueco del cierre detectado · pasá el cursor para detalles
Inputs por minuto
— vserna.cas - - randomplayer
Build order — vserna.cas
121 acciones detectadas en el replay
| 0:11 | Construir | House |
| 0:16 | Crear | Villager (Male) |
| 0:16 | Crear | Villager (Male) |
| 0:16 | Crear | Villager (Male) |
| 0:17 | Crear | Villager (Male) |
| 0:17 | Crear | Villager (Male) |
| 1:58 | Crear | Villager (Male) |
| 1:58 | Crear | Villager (Male) |
| 1:59 | Crear | Villager (Male) |
| 2:08 | Construir | House |
| 2:09 | Construir | House |
| 2:15 | Crear | Villager (Male) |
| 2:16 | Crear | Villager (Male) |
| 2:39 | Crear | Villager (Male) |
| 2:39 | Crear | Villager (Male) |
| 2:39 | Crear | Villager (Male) |
| 2:48 | Construir | Lumber Camp |
| 3:13 | Crear | Villager (Male) |
| 3:14 | Crear | Villager (Male) |
| 3:14 | Crear | Villager (Male) |
| 3:14 | Crear | Villager (Male) |
| 3:23 | Crear | Villager (Male) |
| 3:23 | Crear | Villager (Male) |
| 3:52 | Crear | Villager (Male) |
| 3:53 | Crear | Villager (Male) |
| 4:06 | Investigar | Loom |
| 4:24 | Crear | Villager (Male) |
| 4:24 | Crear | Villager (Male) |
| 5:00 | Construir | Mill |
| 5:13 | Crear | Villager (Male) |
| 5:13 | Crear | Villager (Male) |
| 6:04 | Crear | Villager (Male) |
| 6:04 | Crear | Villager (Male) |
| 6:04 | Crear | Villager (Male) |
| 7:09 | Construir | Mill |
| 7:34 | Crear | Villager (Male) |
| 7:35 | Crear | Villager (Male) |
| 7:35 | Crear | Villager (Male) |
| 8:25 | Crear | Villager (Male) |
| 8:26 | Crear | Villager (Male) |
| 8:35 | Construir | House |
| 8:38 | Construir | House |
| 9:49 | Crear | Villager (Male) |
| 9:50 | Crear | Villager (Male) |
| 9:50 | Crear | Villager (Male) |
| 9:50 | Crear | Villager (Male) |
| 9:59 | Construir | House |
| 10:05 | Construir | Palisade Wall |
| 10:08 | Construir | Palisade Gate |
| 10:28 | Construir | Palisade Wall |
| 10:42 | Construir | Barracks |
| 10:52 | Investigar | Feudal Age |
| 11:32 | Construir | Mining Camp |
| 12:16 | Construir | Palisade Gate |
| 12:35 | Construir | House |
| 12:44 | Construir | Palisade Gate |
| 12:54 | Construir | House |
| 12:56 | Construir | House |
| 13:06 | Crear | Villager (Male) |
| 13:07 | Crear | Villager (Male) |
| 13:07 | Crear | Villager (Male) |
| 13:07 | Crear | Villager (Male) |
| 13:11 | Edad | Edad Feudal |
| 13:31 | Construir | House |
| 13:46 | Construir | Stone Wall |
| 14:11 | Construir | Stable |
| 14:40 | Crear | Villager (Male) |
| 14:52 | Construir | House |
| 14:59 | Crear | Villager (Male) |
| 14:59 | Crear | Villager (Male) |
| 15:02 | Crear | Scout Cavalry ×5 |
| 15:12 | Investigar | Horse Collar |
| 15:26 | Construir | Archery Range |
| 16:08 | Construir | Farm |
| 16:10 | Construir | Farm |
| 16:12 | Construir | Farm |
| 16:30 | Construir | House |
| 16:36 | Construir | House |
| 16:43 | Construir | Stone Wall |
| 17:00 | Construir | Farm |
| 17:06 | Construir | Farm |
| 17:11 | Investigar | Bloodlines |
| 17:25 | Construir | Farm |
| 17:35 | Construir | Farm |
| 17:45 | Construir | Farm |
| 17:57 | Construir | Farm |
| 19:01 | Construir | Archery Range |
| 19:06 | Crear | Villager (Male) |
| 19:06 | Crear | Villager (Male) |
| 19:06 | Crear | Villager (Male) |
| 19:24 | Construir | Lumber Camp |
| 19:28 | Crear | Villager (Male) |
| 19:28 | Crear | Villager (Male) |
| 20:33 | Construir | Blacksmith |
| 21:23 | Crear | Archer ×5 |
| 21:51 | Crear | Villager (Male) |
| 21:51 | Crear | Villager (Male) |
| 21:57 | Construir | Mining Camp |
| 22:01 | Investigar | Scale Barding Armor |
| 23:23 | Crear | Villager (Male) |
| 23:24 | Crear | Villager (Male) |
| 23:49 | Construir | Mill |
| 23:53 | Construir | Farm |
| 23:54 | Construir | Farm |
| 23:56 | Construir | Farm |
| 23:57 | Construir | Farm |
| 23:58 | Construir | Farm |
| 24:00 | Construir | Farm |
| 24:02 | Construir | Farm |
| 24:03 | Construir | Farm |
| 24:17 | Crear | Villager (Male) |
| 24:18 | Crear | Villager (Male) |
| 24:22 | Investigar | Wheelbarrow |
| 24:57 | Construir | Gate |
| 25:07 | Construir | Stone Wall |
| 25:13 | Construir | Stone Wall |
| 25:20 | Construir | Gate |
| 25:25 | Construir | Stone Wall |
| 25:28 | Construir | Stone Wall |
| 25:39 | Construir | Gate |
| 25:47 | Construir | Stone Wall |
Build order — randomplayer
85 acciones detectadas en el replay
| 0:06 | Crear | Villager (Male) |
| 0:07 | Crear | Villager (Male) |
| 0:07 | Crear | Villager (Male) |
| 0:17 | Construir | House |
| 0:31 | Crear | Villager (Male) |
| 0:31 | Crear | Villager (Male) |
| 0:32 | Investigar | Loom |
| 0:41 | Construir | House |
| 0:54 | Construir | House |
| 1:42 | Crear | Villager (Male) |
| 1:43 | Crear | Villager (Male) |
| 2:40 | Crear | Villager (Male) |
| 2:40 | Crear | Villager (Male) |
| 3:08 | Crear | Villager (Male) |
| 3:32 | Crear | Villager (Male) |
| 4:17 | Crear | Villager (Male) |
| 4:44 | Crear | Villager (Male) |
| 5:02 | Crear | Villager (Male) |
| 5:41 | Crear | Villager (Male) |
| 5:48 | Construir | Mill |
| 5:55 | Construir | House |
| 5:56 | Construir | House |
| 5:58 | Construir | House |
| 6:52 | Crear | Villager (Male) |
| 6:52 | Crear | Villager (Male) |
| 7:06 | Crear | Villager (Male) |
| 7:23 | Construir | Lumber Camp |
| 8:58 | Investigar | Feudal Age |
| 9:41 | Crear | Villager (Male) |
| 11:03 | Crear | Villager (Male) |
| 11:08 | Edad | Edad Feudal |
| 11:10 | Investigar | Double-Bit Axe |
| 11:13 | Investigar | Horse Collar |
| 12:08 | Construir | Farm |
| 12:12 | Crear | Villager (Male) |
| 12:12 | Crear | Villager (Male) |
| 12:12 | Crear | Villager (Male) |
| 12:21 | Construir | Market |
| 12:26 | Construir | Blacksmith |
| 12:31 | Construir | House |
| 12:32 | Construir | House |
| 12:35 | Construir | House |
| 12:40 | Construir | Farm |
| 13:31 | Construir | Farm |
| 13:32 | Construir | Farm |
| 13:33 | Construir | Farm |
| 13:34 | Construir | Farm |
| 14:03 | Construir | Farm |
| 14:07 | Construir | Farm |
| 14:10 | Construir | Farm |
| 14:15 | Construir | Farm |
| 14:35 | Construir | Farm |
| 14:37 | Crear | Villager (Male) |
| 14:38 | Crear | Villager (Male) |
| 14:54 | Construir | Mining Camp |
| 15:19 | Crear | Villager (Male) |
| 15:30 | Construir | Farm |
| 15:33 | Crear | Villager (Male) |
| 15:50 | Investigar | Gold Mining |
| 16:00 | Crear | Villager (Male) |
| 16:00 | Crear | Villager (Male) |
| 16:03 | Construir | Farm |
| 17:48 | Investigar | Castle Age |
| 18:24 | Construir | Lumber Camp |
| 18:32 | Construir | Farm |
| 18:37 | Crear | Villager (Male) |
| 18:37 | Crear | Villager (Male) |
| 19:23 | Construir | Stone Wall |
| 19:52 | Construir | Stone Wall |
| 20:28 | Edad | Edad de los Castillos |
| 21:10 | Crear | Villager (Male) |
| 21:11 | Crear | Villager (Male) |
| 21:14 | Investigar | Bow Saw |
| 21:16 | Investigar | Gold Shaft Mining |
| 22:04 | Construir | Stone Wall |
| 22:24 | Crear | Villager (Male) |
| 22:25 | Crear | Villager (Male) |
| 22:25 | Crear | Villager (Male) |
| 22:25 | Crear | Villager (Male) |
| 22:57 | Construir | Gate |
| 24:11 | Construir | Farm |
| 24:13 | Construir | Farm |
| 24:16 | Construir | Farm |
| 24:18 | Construir | Farm |
| 24:25 | Investigar | Heavy Plow |
Build order — juandaosp12
Primeras 150 de 159 acciones detectadas
| 0:01 | Crear | Villager (Male) |
| 0:02 | Crear | Villager (Male) |
| 0:03 | Construir | House |
| 0:05 | Construir | House |
| 0:13 | Crear | Villager (Male) |
| 0:13 | Crear | Villager (Male) |
| 1:29 | Crear | Villager (Male) |
| 2:09 | Crear | Villager (Male) |
| 2:16 | Construir | Lumber Camp |
| 2:21 | Crear | Villager (Male) |
| 2:56 | Crear | Villager (Male) |
| 3:58 | Crear | Villager (Male) |
| 3:59 | Crear | Villager (Male) |
| 3:59 | Crear | Villager (Male) |
| 4:12 | Crear | Villager (Male) |
| 4:27 | Construir | House |
| 4:59 | Construir | House |
| 5:27 | Crear | Villager (Male) |
| 5:27 | Crear | Villager (Male) |
| 5:27 | Crear | Villager (Male) |
| 5:31 | Construir | Mill |
| 6:34 | Crear | Villager (Male) |
| 6:34 | Crear | Villager (Male) |
| 6:35 | Crear | Villager (Male) |
| 6:35 | Crear | Villager (Male) |
| 6:35 | Crear | Villager (Male) |
| 8:07 | Investigar | Loom |
| 8:21 | Construir | Lumber Camp |
| 9:05 | Investigar | Feudal Age |
| 9:44 | Construir | House |
| 9:47 | Construir | Barracks |
| 9:52 | Crear | Villager (Male) |
| 11:15 | Edad | Edad Feudal |
| 11:15 | Construir | Palisade Wall |
| 11:21 | Construir | Stable |
| 11:24 | Crear | Villager (Male) |
| 11:52 | Construir | Farm |
| 12:03 | Crear | Villager (Male) |
| 12:08 | Investigar | Double-Bit Axe |
| 12:11 | Construir | Farm |
| 12:12 | Construir | Farm |
| 12:18 | Crear | Scout Cavalry |
| 12:18 | Crear | Scout Cavalry |
| 12:18 | Crear | Scout Cavalry |
| 12:20 | Construir | House |
| 12:23 | Construir | Farm |
| 12:31 | Crear | Villager (Male) |
| 12:35 | Construir | Farm |
| 12:48 | Crear | Villager (Male) |
| 12:50 | Crear | Scout Cavalry |
| 12:50 | Crear | Scout Cavalry |
| 12:58 | Construir | Farm |
| 13:01 | Construir | House |
| 13:03 | Construir | Palisade Wall |
| 13:06 | Construir | Palisade Wall |
| 13:07 | Construir | Palisade Wall |
| 13:11 | Crear | Scout Cavalry |
| 13:17 | Crear | Villager (Male) |
| 13:21 | Investigar | Horse Collar |
| 13:40 | Construir | Farm |
| 13:51 | Construir | Farm |
| 14:04 | Construir | Farm |
| 14:05 | Crear | Villager (Male) |
| 14:07 | Crear | Villager (Male) |
| 14:28 | Construir | House |
| 14:31 | Crear | Scout Cavalry |
| 14:41 | Construir | Farm |
| 14:45 | Construir | Farm |
| 14:51 | Construir | Farm |
| 14:56 | Crear | Villager (Male) |
| 15:20 | Construir | Palisade Gate |
| 15:22 | Construir | Farm |
| 15:25 | Crear | Villager (Male) |
| 15:33 | Construir | Farm |
| 15:35 | Construir | Farm |
| 15:51 | Crear | Villager (Male) |
| 15:57 | Construir | Mining Camp |
| 16:01 | Crear | Villager (Male) |
| 16:28 | Crear | Villager (Male) |
| 16:38 | Construir | Farm |
| 16:40 | Construir | Farm |
| 16:42 | Construir | Farm |
| 16:50 | Construir | House |
| 17:06 | Investigar | Wheelbarrow |
| 17:11 | Crear | Villager (Male) |
| 17:13 | Investigar | Wheelbarrow |
| 17:25 | Construir | Blacksmith |
| 17:27 | Crear | Villager (Male) |
| 17:42 | Crear | Spearman |
| 17:43 | Crear | Spearman |
| 17:54 | Construir | Palisade Wall |
| 17:57 | Construir | Palisade Wall |
| 18:00 | Construir | Palisade Wall |
| 18:01 | Crear | Spearman |
| 18:01 | Crear | Spearman |
| 18:54 | Investigar | Castle Age |
| 19:24 | Construir | House |
| 19:54 | Construir | Archery Range |
| 19:59 | Construir | Archery Range |
| 21:17 | Construir | Archery Range |
| 21:26 | Construir | Lumber Camp |
| 21:34 | Edad | Edad de los Castillos |
| 21:51 | Crear | Cavalry Archer |
| 21:51 | Crear | Cavalry Archer |
| 21:51 | Crear | Cavalry Archer |
| 21:51 | Crear | Cavalry Archer |
| 21:57 | Crear | Villager (Male) |
| 21:58 | Crear | Villager (Male) |
| 21:58 | Crear | Villager (Male) |
| 22:09 | Crear | Cavalry Archer |
| 22:10 | Crear | Cavalry Archer |
| 22:10 | Crear | Cavalry Archer |
| 22:30 | Investigar | Husbandry |
| 22:32 | Crear | Villager (Male) |
| 22:32 | Crear | Villager (Male) |
| 22:33 | Crear | Villager (Male) |
| 22:52 | Crear | Knight |
| 22:52 | Crear | Knight |
| 22:56 | Construir | Stable |
| 22:59 | Crear | Villager (Male) |
| 22:59 | Crear | Villager (Male) |
| 23:00 | Crear | Villager (Male) |
| 23:16 | Construir | Town Center |
| 23:22 | Crear | Villager (Male) |
| 23:22 | Crear | Villager (Male) |
| 24:22 | Crear | Cavalry Archer |
| 24:23 | Crear | Cavalry Archer |
| 24:23 | Crear | Cavalry Archer |
| 24:23 | Crear | Cavalry Archer |
| 24:26 | Crear | Villager (Male) |
| 24:27 | Crear | Villager (Male) |
| 24:27 | Crear | Villager (Male) |
| 24:28 | Crear | Villager (Male) |
| 24:51 | Crear | Villager (Male) |
| 24:51 | Crear | Villager (Male) |
| 25:02 | Construir | Town Center |
| 25:09 | Crear | Cavalry Archer |
| 25:09 | Crear | Cavalry Archer |
| 25:16 | Construir | House |
| 25:17 | Construir | House |
| 25:20 | Construir | House |
| 25:20 | Construir | House |
| 25:21 | Construir | House |
| 25:21 | Construir | House |
| 25:21 | Construir | House |
| 25:34 | Construir | Farm |
| 26:32 | Construir | Farm |
| 26:33 | Construir | Farm |
| 26:36 | Crear | Villager (Male) |
| 26:36 | Crear | Villager (Male) |
Build order — felip3.diaz
Primeras 150 de 159 acciones detectadas
| 0:03 | Crear | Villager (Male) |
| 0:03 | Crear | Villager (Male) |
| 0:03 | Crear | Villager (Male) |
| 0:10 | Construir | House |
| 0:12 | Construir | House |
| 0:12 | Construir | House |
| 1:47 | Crear | Villager (Male) |
| 1:47 | Crear | Villager (Male) |
| 2:26 | Crear | Villager (Male) |
| 2:47 | Crear | Villager (Male) |
| 3:19 | Crear | Villager (Male) |
| 3:37 | Crear | Villager (Male) |
| 4:26 | Crear | Villager (Male) |
| 4:27 | Crear | Villager (Male) |
| 4:27 | Crear | Villager (Male) |
| 5:13 | Crear | Villager (Male) |
| 5:18 | Crear | Villager (Male) |
| 5:58 | Construir | House |
| 6:08 | Crear | Villager (Male) |
| 6:08 | Crear | Villager (Male) |
| 6:18 | Crear | Villager (Male) |
| 6:18 | Crear | Villager (Male) |
| 6:48 | Crear | Villager (Male) |
| 6:48 | Crear | Villager (Male) |
| 6:49 | Crear | Villager (Male) |
| 7:13 | Crear | Villager (Male) |
| 7:14 | Crear | Villager (Male) |
| 7:32 | Crear | Villager (Male) |
| 7:57 | Construir | Lumber Camp |
| 8:09 | Construir | Mill |
| 8:30 | Construir | House |
| 8:34 | Construir | House |
| 8:36 | Construir | House |
| 8:38 | Construir | House |
| 8:51 | Crear | Villager (Male) |
| 8:52 | Crear | Villager (Male) |
| 8:52 | Crear | Villager (Male) |
| 9:46 | Investigar | Feudal Age |
| 10:05 | Construir | Lumber Camp |
| 10:14 | Construir | House |
| 10:16 | Construir | House |
| 10:19 | Construir | House |
| 11:46 | Construir | House |
| 11:49 | Construir | House |
| 11:51 | Construir | House |
| 11:53 | Construir | House |
| 11:55 | Construir | House |
| 11:56 | Edad | Edad Feudal |
| 12:00 | Crear | Villager (Male) |
| 12:00 | Crear | Villager (Male) |
| 12:01 | Crear | Villager (Male) |
| 12:01 | Crear | Villager (Male) |
| 12:24 | Construir | Barracks |
| 12:56 | Crear | Villager (Male) |
| 12:56 | Crear | Villager (Male) |
| 12:56 | Crear | Villager (Male) |
| 12:57 | Crear | Villager (Male) |
| 13:07 | Crear | Spearman |
| 13:17 | Construir | Archery Range |
| 13:39 | Construir | Mining Camp |
| 14:15 | Crear | Villager (Male) |
| 14:40 | Crear | Villager (Male) |
| 14:42 | Investigar | Double-Bit Axe |
| 14:59 | Construir | Palisade Wall |
| 15:05 | Construir | Palisade Wall |
| 15:20 | Construir | Farm |
| 15:21 | Construir | Farm |
| 15:21 | Construir | Farm |
| 15:21 | Construir | Farm |
| 15:22 | Construir | Farm |
| 15:23 | Construir | Farm |
| 15:24 | Construir | Farm |
| 15:25 | Construir | Farm |
| 15:26 | Construir | Farm |
| 15:27 | Construir | Farm |
| 15:32 | Construir | Farm |
| 15:57 | Crear | Archer |
| 15:58 | Crear | Archer |
| 15:59 | Crear | Archer |
| 16:01 | Crear | Archer |
| 16:16 | Investigar | Gold Mining |
| 16:19 | Crear | Villager (Male) |
| 16:20 | Crear | Villager (Male) |
| 16:20 | Crear | Villager (Male) |
| 16:53 | Construir | Farm |
| 16:56 | Crear | Villager (Male) |
| 17:03 | Crear | Archer |
| 17:03 | Crear | Archer |
| 17:28 | Construir | Farm |
| 17:44 | Crear | Spearman |
| 17:44 | Crear | Spearman |
| 17:44 | Crear | Spearman |
| 17:45 | Crear | Spearman |
| 17:51 | Construir | Farm |
| 18:03 | Crear | Archer |
| 18:11 | Construir | Farm |
| 18:38 | Construir | House |
| 19:07 | Construir | Palisade Gate |
| 19:13 | Crear | Spearman |
| 19:14 | Crear | Spearman |
| 19:14 | Crear | Spearman |
| 19:22 | Crear | Spearman |
| 19:23 | Crear | Villager (Male) |
| 19:23 | Crear | Villager (Male) |
| 19:24 | Crear | Villager (Male) |
| 19:25 | Crear | Villager (Male) |
| 19:27 | Crear | Villager (Male) |
| 19:29 | Crear | Archer |
| 19:29 | Crear | Archer |
| 19:30 | Crear | Archer |
| 19:49 | Construir | Barracks |
| 19:50 | Construir | Barracks |
| 19:53 | Construir | Archery Range |
| 20:06 | Construir | Farm |
| 20:09 | Crear | Villager (Male) |
| 20:18 | Construir | Blacksmith |
| 21:28 | Crear | Archer |
| 21:29 | Crear | Archer |
| 21:29 | Crear | Archer |
| 21:37 | Construir | Farm |
| 21:37 | Construir | Farm |
| 21:38 | Construir | Farm |
| 21:39 | Construir | Farm |
| 21:45 | Investigar | Padded Archer Armor |
| 21:50 | Construir | Market |
| 22:09 | Crear | Eagle Scout |
| 22:09 | Crear | Eagle Scout |
| 22:09 | Crear | Eagle Scout |
| 22:10 | Crear | Eagle Scout |
| 22:15 | Construir | Archery Range |
| 22:19 | Construir | Farm |
| 22:50 | Crear | Spearman |
| 22:50 | Crear | Spearman |
| 22:50 | Crear | Spearman |
| 22:51 | Crear | Spearman |
| 22:51 | Crear | Spearman |
| 22:51 | Crear | Spearman |
| 23:44 | Crear | Skirmisher |
| 23:46 | Crear | Archer |
| 23:46 | Crear | Archer |
| 23:46 | Crear | Archer |
| 23:47 | Crear | Archer |
| 24:11 | Construir | Barracks |
| 24:13 | Crear | Archer |
| 24:14 | Crear | Archer |
| 24:14 | Crear | Archer |
| 24:14 | Crear | Archer |
| 24:38 | Crear | Archer |
| 24:38 | Crear | Archer |
| 25:34 | Investigar | Castle Age |
Build order — Flaperon
117 acciones detectadas en el replay
| 0:05 | Crear | Villager (Male) ×4 |
| 1:37 | Crear | Villager (Male) |
| 1:37 | Crear | Villager (Male) |
| 1:59 | Construir | Lumber Camp |
| 2:04 | Crear | Villager (Male) |
| 2:35 | Crear | Villager (Male) |
| 2:35 | Crear | Villager (Male) |
| 3:11 | Crear | Villager (Male) |
| 3:11 | Crear | Villager (Male) |
| 3:37 | Crear | Villager (Male) |
| 3:37 | Crear | Villager (Male) |
| 5:16 | Construir | Mill |
| 5:29 | Crear | Villager (Male) |
| 5:29 | Crear | Villager (Male) |
| 5:29 | Crear | Villager (Male) |
| 6:17 | Crear | Villager (Male) |
| 6:17 | Crear | Villager (Male) |
| 6:18 | Crear | Villager (Male) |
| 6:30 | Construir | Mining Camp |
| 7:59 | Construir | Farm |
| 8:03 | Crear | Villager (Male) |
| 8:03 | Crear | Villager (Male) |
| 8:10 | Construir | Farm |
| 8:15 | Construir | Farm |
| 8:22 | Crear | Villager (Male) |
| 9:33 | Construir | Farm |
| 10:09 | Investigar | Feudal Age |
| 10:09 | Investigar | Feudal Age |
| 11:55 | Construir | Barracks |
| 12:19 | Edad | Edad Feudal |
| 12:21 | Investigar | Wheelbarrow |
| 12:25 | Investigar | Horse Collar |
| 12:36 | Investigar | Double-Bit Axe |
| 12:39 | Crear | Villager (Male) |
| 12:45 | Crear | Villager (Male) |
| 13:02 | Crear | Spearman |
| 13:07 | Crear | Spearman |
| 13:28 | Construir | Stable |
| 13:32 | Construir | Stable |
| 14:04 | Construir | Lumber Camp |
| 14:12 | Crear | Villager (Male) |
| 14:12 | Crear | Villager (Male) |
| 14:36 | Investigar | Bloodlines |
| 14:58 | Construir | Blacksmith |
| 15:15 | Construir | Farm |
| 15:22 | Construir | Farm |
| 15:31 | Construir | Farm |
| 15:37 | Crear | Villager (Male) |
| 15:37 | Crear | Villager (Male) |
| 15:49 | Crear | Scout Cavalry |
| 15:49 | Crear | Scout Cavalry |
| 15:58 | Construir | Farm |
| 16:03 | Construir | Farm |
| 16:07 | Construir | Farm |
| 16:15 | Crear | Spearman |
| 16:36 | Construir | Farm |
| 16:39 | Crear | Scout Cavalry |
| 16:39 | Crear | Scout Cavalry |
| 16:45 | Crear | Spearman |
| 16:45 | Crear | Spearman |
| 17:21 | Crear | Villager (Male) |
| 17:21 | Crear | Villager (Male) |
| 17:35 | Crear | Scout Cavalry |
| 17:35 | Crear | Scout Cavalry |
| 17:40 | Crear | Spearman |
| 17:40 | Crear | Spearman |
| 17:40 | Crear | Spearman |
| 18:01 | Construir | Mining Camp |
| 18:31 | Crear | Spearman |
| 18:31 | Crear | Spearman |
| 18:31 | Crear | Spearman |
| 18:36 | Crear | Scout Cavalry |
| 19:38 | Crear | Scout Cavalry ×3 |
| 19:38 | Crear | Scout Cavalry ×3 |
| 19:42 | Crear | Spearman |
| 19:42 | Crear | Spearman |
| 20:02 | Construir | Lumber Camp |
| 20:54 | Construir | Farm |
| 20:56 | Crear | Scout Cavalry ×4 |
| 21:00 | Crear | Spearman |
| 22:50 | Construir | Stone Wall |
| 23:08 | Investigar | Scale Barding Armor |
| 23:09 | Investigar | Scale Mail Armor |
| 23:09 | Investigar | Forging |
| 23:15 | Investigar | Arson |
| 23:16 | Investigar | Man-at-Arms (upgrade) |
| 23:33 | Crear | Villager (Male) |
| 23:33 | Crear | Villager (Male) |
| 23:33 | Crear | Villager (Male) |
| 24:33 | Construir | Farm |
| 25:04 | Construir | Farm |
| 25:11 | Construir | Archery Range |
| 25:19 | Crear | Scout Cavalry ×5 |
| 25:19 | Crear | Scout Cavalry |
| 25:19 | Crear | Scout Cavalry |
| 25:19 | Crear | Scout Cavalry |
| 25:24 | Crear | Spearman |
| 25:24 | Crear | Spearman |
| 25:27 | Crear | Spearman ×5 |
| 25:27 | Crear | Spearman ×5 |
| 25:27 | Crear | Spearman ×5 |
| 25:27 | Crear | Spearman ×4 |
| 25:40 | Crear | Scout Cavalry ×5 |
| 25:40 | Crear | Scout Cavalry ×5 |
| 26:02 | Crear | Scout Cavalry |
| 26:02 | Crear | Scout Cavalry |
| 26:17 | Crear | Archer |
| 26:17 | Crear | Skirmisher |
| 26:18 | Crear | Skirmisher |
| 26:18 | Crear | Archer |
| 26:19 | Crear | Skirmisher |
| 26:19 | Crear | Archer |
| 26:19 | Crear | Archer |
| 26:20 | Crear | Skirmisher |
| 26:20 | Crear | Skirmisher |
| 26:20 | Crear | Archer |
| 26:21 | Crear | Archer |
Build order — sebastianmedina9725
142 acciones detectadas en el replay
| 0:01 | Crear | Villager (Male) |
| 0:01 | Crear | Villager (Male) |
| 0:01 | Crear | Villager (Male) |
| 0:02 | Crear | Villager (Male) |
| 0:02 | Crear | Villager (Male) |
| 0:04 | Construir | House |
| 0:07 | Construir | House |
| 0:09 | Construir | House |
| 1:31 | Crear | Villager (Male) |
| 1:54 | Construir | Lumber Camp |
| 2:39 | Crear | Villager (Male) |
| 2:39 | Crear | Villager (Male) |
| 3:13 | Crear | Villager (Male) |
| 3:41 | Crear | Villager (Male) |
| 4:35 | Crear | Villager (Male) |
| 4:35 | Crear | Villager (Male) |
| 4:36 | Crear | Villager (Male) |
| 4:43 | Construir | Mill |
| 5:32 | Crear | Villager (Male) |
| 5:32 | Crear | Villager (Male) |
| 6:06 | Construir | House |
| 6:10 | Crear | Villager (Male) |
| 6:30 | Crear | Villager (Male) |
| 7:06 | Crear | Villager (Male) |
| 7:21 | Crear | Villager (Male) |
| 7:50 | Crear | Villager (Male) |
| 7:51 | Crear | Villager (Male) |
| 8:09 | Construir | Lumber Camp |
| 8:16 | Crear | Villager (Male) |
| 8:33 | Construir | House |
| 9:32 | Crear | Villager (Male) |
| 9:34 | Investigar | Feudal Age |
| 9:48 | Construir | Farm |
| 9:59 | Construir | Farm |
| 10:07 | Construir | Farm |
| 10:09 | Construir | Farm |
| 10:14 | Construir | Farm |
| 10:16 | Crear | Villager (Male) |
| 10:16 | Crear | Villager (Male) |
| 10:54 | Crear | Villager (Male) |
| 12:07 | Edad | Edad Feudal |
| 12:09 | Investigar | Double-Bit Axe |
| 12:12 | Investigar | Horse Collar |
| 12:47 | Crear | Villager (Male) |
| 12:57 | Crear | Villager (Male) |
| 13:04 | Construir | Mining Camp |
| 13:12 | Construir | Farm |
| 13:14 | Construir | Farm |
| 13:17 | Construir | Farm |
| 13:19 | Construir | Farm |
| 13:21 | Construir | Farm |
| 13:23 | Construir | Farm |
| 13:24 | Construir | Farm |
| 13:28 | Crear | Villager (Male) |
| 14:12 | Construir | Palisade Wall |
| 14:38 | Construir | House |
| 14:39 | Construir | House |
| 14:40 | Construir | House |
| 14:41 | Construir | House |
| 14:47 | Investigar | Gold Mining |
| 14:48 | Investigar | Stone Mining |
| 14:51 | Crear | Villager (Male) |
| 14:51 | Crear | Villager (Male) |
| 14:51 | Crear | Villager (Male) |
| 15:41 | Construir | Stable |
| 15:46 | Crear | Villager (Male) |
| 16:05 | Crear | Villager (Male) |
| 16:33 | Construir | Farm |
| 16:36 | Construir | Farm |
| 16:57 | Construir | Farm |
| 17:02 | Investigar | Castle Age |
| 17:15 | Construir | Farm |
| 17:17 | Crear | Villager (Male) |
| 17:18 | Crear | Villager (Male) |
| 17:19 | Crear | Villager (Male) |
| 17:43 | Crear | Scout Cavalry |
| 17:44 | Crear | Scout Cavalry |
| 17:44 | Crear | Scout Cavalry |
| 18:27 | Crear | Scout Cavalry |
| 18:41 | Construir | Palisade Wall |
| 19:46 | Construir | Palisade Wall |
| 19:53 | Edad | Edad de los Castillos |
| 20:25 | Crear | Knight |
| 20:26 | Crear | Knight |
| 21:13 | Crear | Knight |
| 22:22 | Construir | Farm |
| 22:24 | Construir | Farm |
| 22:26 | Construir | Farm |
| 22:27 | Crear | Villager (Male) |
| 22:27 | Crear | Villager (Male) |
| 22:28 | Crear | Villager (Male) |
| 22:29 | Crear | Villager (Male) |
| 22:29 | Crear | Villager (Male) |
| 22:46 | Construir | Palisade Gate |
| 22:58 | Construir | Palisade Wall |
| 23:25 | Crear | Villager (Male) |
| 23:25 | Crear | Villager (Male) |
| 23:28 | Construir | Farm |
| 23:30 | Construir | Farm |
| 23:47 | Construir | Mining Camp |
| 23:59 | Construir | Mining Camp |
| 24:13 | Construir | Town Center |
| 24:55 | Crear | Villager (Male) |
| 24:55 | Crear | Villager (Male) |
| 25:22 | Construir | Town Center |
| 25:33 | Construir | House |
| 25:35 | Construir | House |
| 25:36 | Construir | House |
| 25:37 | Construir | House |
| 25:38 | Construir | House |
| 25:39 | Construir | House |
| 25:41 | Construir | House |
| 25:47 | Crear | Villager (Male) |
| 25:52 | Crear | Villager (Male) |
| 25:53 | Crear | Villager (Male) |
| 25:53 | Crear | Villager (Male) |
| 25:53 | Crear | Villager (Male) |
| 25:53 | Crear | Villager (Male) |
| 25:53 | Crear | Villager (Male) |
| 25:53 | Crear | Villager (Male) |
| 25:54 | Crear | Villager (Male) |
| 25:54 | Crear | Villager (Male) |
| 25:54 | Crear | Villager (Male) |
| 25:54 | Crear | Villager (Male) |
| 25:55 | Crear | Villager (Male) |
| 25:55 | Crear | Villager (Male) |
| 26:07 | Investigar | Gold Shaft Mining |
| 26:08 | Investigar | Stone Shaft Mining |
| 26:13 | Investigar | Heavy Plow |
| 26:21 | Investigar | Bow Saw |
| 26:27 | Crear | Villager (Male) |
| 26:27 | Crear | Villager (Male) |
| 26:28 | Crear | Villager (Male) |
| 26:57 | Crear | Villager (Male) |
| 26:57 | Crear | Villager (Male) |
| 26:58 | Crear | Villager (Male) |
| 26:58 | Crear | Villager (Male) |
| 26:59 | Crear | Villager (Male) |
| 27:08 | Crear | Villager (Male) |
| 27:08 | Crear | Villager (Male) |
| 27:08 | Crear | Villager (Male) |
| 27:09 | Crear | Villager (Male) |
Cronología de la partida
| 9:47 | juandaosp12 · first_building Barracks |
| 10:05 | vserna.cas · wall_segment Palisade Wall x1 |
| 10:28 | vserna.cas · wall_segment Palisade Wall x4 |
| 10:42 | vserna.cas · first_building Barracks |
| 11:08 | randomplayer · age_up feudal |
| 11:15 | juandaosp12 · age_up feudal |
| 11:15 | juandaosp12 · wall_segment Palisade Wall x2 |
| 11:21 | juandaosp12 · first_building Stable |
| 11:55 | Flaperon · first_building Barracks |
| 11:56 | felip3.diaz · age_up feudal |
| 12:07 | sebastianmedina9725 · age_up feudal |
| 12:19 | Flaperon · age_up feudal |
| 12:24 | felip3.diaz · first_building Barracks |
| 13:03 | juandaosp12 · wall_segment Palisade Wall x5 |
| 13:06 | juandaosp12 · wall_segment Palisade Wall x3 |
| 13:07 | juandaosp12 · wall_segment Palisade Wall x6 |
| 13:11 | vserna.cas · age_up feudal |
| 13:17 | felip3.diaz · first_building Archery Range |
| 13:28 | Flaperon · first_building Stable |
| 13:46 | vserna.cas · wall_segment Stone Wall x1 |
| 14:11 | vserna.cas · first_building Stable |
| 14:12 | sebastianmedina9725 · wall_segment Palisade Wall x56 |
| 14:59 | felip3.diaz · wall_segment Palisade Wall x5 |
| 15:05 | felip3.diaz · wall_segment Palisade Wall x17 |
| 15:26 | vserna.cas · first_building Archery Range |
| 15:41 | sebastianmedina9725 · first_building Stable |
| 16:43 | vserna.cas · wall_segment Stone Wall x6 |
| 17:24 | randomplayer · first_market_sell 100 food |
| 17:54 | juandaosp12 · wall_segment Palisade Wall x5 |
| 17:57 | juandaosp12 · wall_segment Palisade Wall x12 |
| 18:00 | juandaosp12 · wall_segment Palisade Wall x12 |
| 18:41 | sebastianmedina9725 · wall_segment Palisade Wall x1 |
| 19:23 | randomplayer · wall_segment Stone Wall x8 |
| 19:46 | sebastianmedina9725 · wall_segment Palisade Wall x2 |
| 19:52 | randomplayer · wall_segment Stone Wall x24 |
| 19:53 | sebastianmedina9725 · age_up castle |
| 19:54 | juandaosp12 · first_building Archery Range |
| 20:28 | randomplayer · age_up castle |
| 21:34 | juandaosp12 · age_up castle |
| 22:04 | randomplayer · wall_segment Stone Wall x28 |
| 22:19 | randomplayer · first_market_buy 100 stone |
| 22:50 | Flaperon · wall_segment Stone Wall x18 |
| 22:58 | sebastianmedina9725 · wall_segment Palisade Wall x1 |
| 25:07 | vserna.cas · wall_segment Stone Wall x3 |
| 25:11 | Flaperon · first_building Archery Range |
| 25:13 | vserna.cas · wall_segment Stone Wall x4 |
| 25:25 | vserna.cas · wall_segment Stone Wall x6 |
| 25:26 | randomplayer · tribute_sent a jugador 2 |
| 25:26 | randomplayer · tribute_sent a jugador 3 |
| 25:26 | randomplayer · tribute_sent a jugador 4 |
| 25:26 | randomplayer · tribute_sent a jugador 5 |
| 25:26 | randomplayer · tribute_sent a jugador 6 |
| 25:28 | vserna.cas · wall_segment Stone Wall x3 |
| 25:47 | vserna.cas · wall_segment Stone Wall x3 |
| 26:20 | randomplayer · resign |
[ ANÁLISIS IA · 1 CRÉDITO ]
¿Qué pasó realmente en esta partida?
Wolo.gg analiza cada decisión: build order, eco, micro, errores típicos por bracket. Análisis personalizado por WhatsApp o Discord en 30 segundos.
Guía civ
Italianos
Perfil
Jugador #2229481